Unix NetHack Version 5.0.0-0 post-release - last build Jun 10 2026 00:39:30 (3ee93aec679c4c4259841fe613dc97188e26a321,branch:main).

Game began 2026-06-17 07:22:05, ended 2026-06-17 07:42:35.

LDaviesPeters, neutral female human Archeologist

  ------
  |....|     -----
  |...*.###  |....#
  |....|  ###-...|#
  |.(..|     |...|#
  |....|     |...|#
  --.---     -----#
    #             #
    #             #
    #            ##             f
    ##           #  #########*#@a
     #          #####           #
 ----.------    ##
 |..........## ##
 |.........|#####---------
 |..........#   #-...<^{.|
 -----------     |.^......
                 ---------

LDaviesPeters the Field Worker  St:25 Dx:8 Co:11 In:14 Wi:18 Ch:11  Neutral
Dlvl:6  $:21 HP:0(34) Pw:14(14) AC:5  Xp:4 T:2124 

Latest messages:
 There is a doorway here.
 You see here a blue gem.
 G - a blue gem.
 What do you want to use or apply? [abfglpqtz or ?*] g
 What do you want to rub on the stone? [G or ?*] G
 G - a worthless piece of blue glass.
 What do you want to drop? [abdf-hklpqtwyzBFG or ?*] G
 You drop a worthless piece of blue glass.
 The little dog picks up a pair of fencing gloves.
 The little dog drops a pair of fencing gloves.
 You see here a pair of fencing gloves.
 H - a pair of fencing gloves.
 What do you want to wear? [H or ?*] H
 You finish your dressing maneuver.
 You descend the stairs.
 You find a rolling boulder trap.
 You hear the splashing of a naiad.
 You see here 21 gold pieces.
 $ - 21 gold pieces.
 You see here a chest.
 Hmmm, the chest turns out to be locked.
 You see here 65 rocks.
 You find a hidden door.
 The door opens.
 You find a hidden passage.
 You see here 9 rocks.
 You lash the lizard!
 The lizard bites!
 You lash the lizard!
 The little dog picks up a rock.
 The lizard bites!
 You kill the lizard!
 You see here a lizard corpse.
 The fire ant bites!
 The fire ant bites again!
 You're on fire!
 You stop.  Your little dog is in the way!
 The fire ant bites!
 The fire ant just misses!
 The kitten bites!
 The fire ant bites!
 The fire ant bites again!
 You're on fire!
 The kitten bites!
 You die...
 Do you want your possessions identified? [ynq] (y) y
 Do you want to see your attributes? [ynq] (y) y
 Do you want an account of creatures vanquished? [ynaq] (y) n
 Do you want to see your conduct and achievements? [ynq] (y) y
 Do you want to see the dungeon overview? [ynq] (y) n

Inventory:
 Coins    ('$')
  $ - 21 gold pieces
 Weapons  (')')
  y - a +1 elven dagger
  k - 3 +0 orcish daggers (at the ready)
  a - a blessed +2 bullwhip (weapon in left hand)
 Armor    ('[')
  B - a blessed +1 helm of brilliance (being worn)
  H - an uncursed +1 pair of gauntlets of power (being worn)
  w - an uncursed +0 dwarvish cloak (being worn)
  h - an uncursed +0 leather jacket (being worn)
 Comestibles  ('%')
  d - 4 uncursed food rations
 Potions  ('!')
  F - a blessed potion of enlightenment
 Wands    ('/')
  l - a wand of light (0:14)
  q - a wand of light (0:11)
  t - a wand of magic missile (0:3)
 Tools    ('(')
  b - an uncursed sack containing 8 items
  z - a cursed magic marker (0:79)
  p - a +0 pick-axe
  f - a tinning kit (0:35)
 Gems/Stones  ('*')
  g - an uncursed touchstone

Contents of the sack:
  38 gold pieces
  an uncursed scroll of enchant armor
  2 uncursed scrolls of enchant weapon
  a cursed scroll of fire
  an uncursed scroll of genocide
  a cursed scroll of identify
  an uncursed potion of levitation
  an uncursed potion of see invisible

LDaviesPeters the Archeologist's attributes:

Background:
 You were a Field Worker, a level 4 female human Archeologist.
 You were neutral, on a mission for Camaxtli
 who was opposed by Quetzalcoatl (lawful) and Huhetotl (chaotic).
 You were left-handed.
 You were in the Dungeons of Doom, on level 6.
 You entered the dungeon 2124 turns ago.
 There was a new moon in effect when your adventure ended.
 You had 129 experience points, 31 more were needed to attain level 5.

Basics:
 You had 0 out of 34 hit points.
 You had all 14 energy points (spell power).
 Your armor class was 5.
 Your wallet contained 21 zorkmids, and
 you had 38 more stashed away in your pack.
 Autopickup was off.

Final Characteristics:
 Your strength was 25 (base:16, innate limit:18/100).
 Your dexterity was 8 (limit:18).
 Your constitution was 11 (limit:18).
 Your intelligence was 14 (base:13, limit:18).
 Your wisdom was 18 (base:17, limit:18).
 Your charisma was 11 (limit:18).

Final Status:
 You weren't hungry.
 You were unencumbered.
 You were wielding a whip.
 You had basic skill with whip.

Final Attributes:
 You were devoutly aligned.
 Your items were somewhat protected from fire.
 Your items were somewhat protected from cold.
 You had automatic searching.
 You were warded.
 You are dead.

Miscellaneous:
 You encountered 1 bones level.
 Total elapsed playing time was 20 minutes and 29 seconds.

Major events:
 Turn
    1: LDaviesPeters the neutral female human Archeologist entered the dungeon
 1082: attained the rank of Field Worker (level 3)
 1422: entered the Gnomish Mines
 2124: killed by a kitten

Spells:
 Name                 Level Category     Fail Retention
 light                  1   divination    53%  76%-100%

Skills:
 Fighting Skills
   bare handed combat [Unskilled]
   two weapon combat  [Unskilled]
   riding             [Unskilled]
 Weapon Skills
   dagger             [Unskilled]
   knife              [Unskilled]
   pick-axe           [Basic]
   short sword        [Unskilled]
   saber              [Unskilled]
   club               [Unskilled]
   quarterstaff       [Unskilled]
   sling              [Unskilled]
   dart               [Unskilled]
   boomerang          [Unskilled]
   whip               [Basic]
   unicorn horn       [Unskilled]
 Spellcasting Skills
   attack spells      [Unskilled]
   healing spells     [Unskilled]
   divination spells  [Unskilled]
   matter spells      [Unskilled]

Voluntary challenges:
 Character rerolling was not enabled.
 You never genocided any monsters.
 You never polymorphed an object.
 You never changed form.
 You used no wishes.
Achievements:
 You attained the rank of Field Worker.
 You entered the Gnomish Mines.
 You entered a shop.

 The Dungeons of Doom: levels 1 to 6
    Level 1:
       A grave.
    Level 2:
       An altar to Camaxtli, a fountain.
    Level 3:
       Some fountains.
    Level 4:
       A general store.
       Stairs down to The Gnomish Mines.
    Level 5:
    Level 6: <- You were here.
       A fountain.
       Final resting place for
          you, killed by a kitten,
          ThermoNuclear-Wiz-Elf-Fem-Cha, killed by a fire ant,
          unbowed24-Wiz-Hum-Mal-Neu, killed by a giant ant.
 The Gnomish Mines:
    Level 5:


Vanquished creatures:
  a lizard
  a giant ant
  2 floating eyes
  a homunculus
 an iguana
  a coyote
  a hobbit
  2 hobgoblins
  2 giant rats
  a red mold
  2 gnomes
  6 garter snakes
  7 jackals
  5 goblins
  4 grid bugs
  2 lichens
  2 kobold zombies
  3 newts
44 creatures vanquished.

No species were genocided or became extinct.

Game over:
                       ----------
                      /          \
                     /    REST    \
                    /      IN      \
                   /     PEACE      \
                  /                  \
                  |  LDaviesPeters   |
                  |      59 Au       |
                  |   killed by a    |
                  |      kitten      |
                  |                  |
                  |                  |
                  |       2026       |
                 *|     *  *  *      | *
        _________)/\\_//(\/(/\)/\//\/|_)_______

Goodbye LDaviesPeters the Archeologist...

You died in The Dungeons of Doom on dungeon level 6 with 840 points,
and 59 pieces of gold, after 2124 moves.
You were level 4 with a maximum of 34 hit points when you died.

